 Dungeon Sprint DCSS version 0.31-a0-408-gb642c7f9a3 (webtiles) character file.

Game seed: 15302988379756577364

984 rocky1 the Imperceptible (level 8, -8/74 HPs)
             Began as a Naga Brigand on July 30, 2023.
             Was an Initiate of Cheibriados.
             Mangled by a deep troll (13 damage)
             ... in the Dungeon (Sprint I: "Red Sonja").
             The game lasted 00:01:54 (221 turns).

rocky1 the Imperceptible (Naga Brigand)              Turns: 221, Time: 00:01:55

Health: -8/74      AC:  6    Str: 14    XL:     8   Next: 18%
Magic:  8/8        EV: 10    Int: 14    God:    Cheibriados [......]
Gold:   412        SH:  0    Dex: 15    Spells: 7/7 levels left

rFire   . . .        p - +1 rapier (flame)
rCold   . . .        (no shield)
rNeg    . . .        n - +2 robe
rPois   +            (no helmet)
rElec   .            c - +0 cloak
rCorr   .            (no gloves)
SInv    +            (no barding)
Will    +....        (no amulet)
Stlth   ++++++++     (no ring)
HPRegen 0.32/turn    (no ring)
MPRegen 0.11/turn

%: no teleportation
@: short of breath, very slow
A: AC +2, large, see invisible, deformed body, poison resistance, slowness 2,
spit poison 1, naga tail 1
a: Spit Poison, Renounce Religion


You were in the Dungeon.
You worshipped Cheibriados.
Cheibriados was noncommittal.
You visited 1 branch You collected 622 gold pieces.
You spent 210 gold pieces at shops.

Inventory:

Hand Weapons
 a - a +2 dagger
 p - a +1 rapier of flaming (weapon)
Missiles
 d - 9 poisoned darts (quivered)
 e - 8 curare-tipped darts
Armour
 b - a +0 robe
 c - a +0 cloak (worn)
 m - a +0 leather armour
 n - a +2 robe (worn)
Wands
 l - a wand of acid (9)
 o - a wand of roots (12)
Scrolls
 k - a scroll of blinking
 q - a scroll of fear {unknown}
Potions
 f - 3 potions of curing
 g - a potion of heal wounds
 h - a potion of haste
 i - 2 potions of magic
 j - a potion of berserk rage


   Skills:
 + Level 5.2 Fighting
 + Level 5.4 Short Blades
 - Level 4.2 Throwing
 + Level 1.8 Dodging
 + Level 22.7 Stealth


You had 7 spell levels left.
You didn't know any spells.
Your spell library contained the following spells:

 Spells                   Type           Power      Damage    Failure   Level
 Simulacrum               Ice/Necr       0%         N/A       100%        6
 Ozocubu's Refrigeration  Ice            0%         4d7       100%        7
 Polar Vortex             Ice            0%         N/A       100%        9


Dungeon Overview and Level Annotations

Branches:
Dungeon (1/1)

Altars:
Cheibriados
Dithmenos
Elyvilon
Fedhas
Gozag
Hepliaklqana
Kikubaaqudgha
Nemelex Xobeh
Okawaru
Qazlal
Ru
Sif Muna
Trog
Uskayaw
Vehumet
Wu Jian
Yredelemnul
Zin
The Shining One

Shops:
D ((


Innate Abilities, Weirdness & Mutations

Your serpentine skin is tough. (AC +2)
You have supernaturally acute eyesight. (SInv)
Armour fits poorly on your strangely shaped body.
Your system is resistant to poisons. (rPois)
You cover ground very slowly.
You can spit poison.
You have a snake-like lower body.


Message History

You feel less confused.
You now have 235 gold pieces (gained 13).
You now have 250 gold pieces (gained 15).
You now have 277 gold pieces (gained 27).
You now have 304 gold pieces (gained 27).
You now have 331 gold pieces (gained 27).
f - 2 potions of curing (gained 1)
f - 3 potions of curing (gained 1)
You now have 358 gold pieces (gained 27).
You now have 385 gold pieces (gained 27).
q - a scroll labelled VUATHR ETISEBI You now have 412 gold pieces (gained 27).
Okay, then.
There is an open door here.
Things that are here:
a +2 dagger of distortion; the kobold corpse of Sonja You open the door.
A deep troll comes into view.
Found 108 gold pieces.
The deep troll shouts!
There is an open door here.
You hit the deep troll but do no damage.
You punch the deep troll, but do no damage.
The deep troll bites you! The deep troll barely misses you.
The deep troll claws you!
You hit the deep troll. You burn the deep troll.
The deep troll is lightly wounded.
The deep troll bites you! The deep troll barely misses you. x2
Aiming: Spit Poison (1% risk of failure)
Press: ? - help, Shift-Dir - straight line, f - deep troll
Aim: a deep troll (lightly wounded, 64% to hit)
The splash of poison hits the deep troll but does no damage.
The deep troll is poisoned.
The deep troll is lightly wounded.
The deep troll bites you!!
* * * LOW HITPOINT WARNING * * *
The deep troll claws you!
* * * LOW HITPOINT WARNING * * *
The deep troll claws you!
You die...

#..#####'#####'#
#..####..#...#.#
#..#__####..##)#
#..#_____##'#_.+
#⌠⌠#_.∩..†'..._#
####_..__##_.#'#
#_____###'#.#
############.####+###
#∩........'...@T$.$$+
###++++####.).#######
###.### #.#'#.#
#.....# #.....#
#######


You could see a deep troll (poisoned).

Vanquished Creatures
  Sonja (D)
  Sigmund (D)
  A yak (D)
  An ogre (D)
  A jelly (D)
  Ijyb (D)
  A ballistomycete spore (D)
7 creatures vanquished.

Vanquished Creatures (others)
  A ballistomycete spore (D)
1 creature vanquished.

Grand Total: 8 creatures vanquished

Notes
Turn   | Place    | Note
-------+----------+-------------------------------------------
     0 | D        | rocky1 the Naga Brigand began the quest for the Orb.
     0 | D        | Reached XP level 1. HP: 19/19 MP: 1/1
     2 | D        | Noticed Ijyb
     5 | D        | Killed Ijyb
     6 | D        | Reached skill level 9 in Stealth
     6 | D        | Reached XP level 2. HP: 27/27 MP: 2/2
     6 | D        | Reached XP level 3. HP: 33/33 MP: 3/3
    16 | D        | Noticed an ogre
    19 | D        | Killed an ogre
    20 | D        | Reached skill level 1 in Dodging
    20 | D        | Reached skill level 13 in Stealth
    20 | D        | Reached XP level 4. HP: 42/42 MP: 4/4
    31 | D        | Noticed Sigmund
    34 | D        | Killed Sigmund
    35 | D        | Reached skill level 16 in Stealth
    35 | D        | Reached XP level 5. HP: 50/50 MP: 5/5
    35 | D        | Reached XP level 6. HP: 57/57 MP: 6/6
    59 | D        | Found an ornate altar of the Wu Jian Council.
    59 | D        | Found a shimmering blue altar of Sif Muna.
    61 | D        | Found a radiant altar of Vehumet.
    66 | D        | Reached skill level 17 in Stealth
    93 | D        | Found Nucum's Antique Weapon Emporium.
    93 | D        | Found an ancient bone altar of Kikubaaqudgha.
    93 | D        | Found a hazy altar of Hepliaklqana.
    93 | D        | Found a stormy altar of Qazlal.
    93 | D        | Found a hide-covered altar of Uskayaw.
    93 | D        | Found a blossoming altar of Fedhas.
    93 | D        | Found a bloodstained altar of Trog.
    93 | D        | Found an iron altar of Okawaru.
    93 | D        | Found a basalt altar of Yredelemnul.
    93 | D        | Found a glowing golden altar of the Shining One.
    93 | D        | Found a snail-covered altar of Cheibriados.
    93 | D        | Found a sacrificial altar of Ru.
    93 | D        | Found a glowing silver altar of Zin.
    93 | D        | Found a shadowy altar of Dithmenos.
    93 | D        | Found a white marble altar of Elyvilon.
    93 | D        | Noticed a yak
    94 | D        | Found an opulent altar of Gozag.
    95 | D        | Killed a yak
    96 | D        | Reached skill level 19 in Stealth
    96 | D        | Reached XP level 7. HP: 66/66 MP: 7/7
    96 | D        | Found a sparkling altar of Nemelex Xobeh.
   102 | D        | Became a worshipper of Cheibriados the Contemplative
   130 | D        | Noticed Sonja
   134 | D        | Killed Sonja
   135 | D        | Reached skill level 5 in Fighting
   135 | D        | Reached skill level 5 in Short Blades
   135 | D        | Reached skill level 22 in Stealth
   135 | D        | Reached XP level 8. HP: 74/74 MP: 8/8
   152 | D        | Found Dothupla's Antique Weapon Boutique.
   160 | D        | Bought a glowing rapier for 210 gold pieces
   217 | D        | Noticed a deep troll
   221 | D        | Mangled by a deep troll

Illustrated notes

Levels and vault maps discovered:
D:        dungeon_sprint_1 [red_sonja_temple_1, red_sonja_temple_small_1]

Skill      XL: |  1  2  3  4  5  6  7 |
---------------+----------------------+-----
Throwing       | 2 3 4 |  4.2
Stealth        | 9 13 16 19 22 | 22.7
Fighting       | 3 4 5 |  5.2
Short Blades   | 3 4 5 |  5.4
Dodging        | 1 |  1.8

Action                     |  1- 3 |  4- 6 |  7- 9 || total
---------------------------+-------+-------+-------++-------
  Melee: Dagger            |     2 |     3 |     1 ||     6
         Rapier            |       |       |     3 ||     3
         Punch             |       |       |     1 ||     1
Ability: Spit Poison       |       |       |     1 ||     1
   Stab: Sleeping          |     2 |     3 |     2 ||     7
  Dodge: Dodged            |       |       |     3 ||     3

Table legend: (Time is in decaauts)
 A = Elapsed time spent in this place.
 B = Non-inter-level travel time spent in this place.
 C = Inter-level travel time spent in this place.
 D = Time resting spent in this place.
 E = Time spent auto-exploring this place.
 F = Levels seen in this place.
 G = Mean time per level.
                   A        B        C        D        E       F      G
               +--------+--------+--------+--------+--------+-----+--------+
         Total |    315 |    315 |      0 |      0 |      0 |   1 |  315.0 |
       Dungeon |    315 |    315 |      0 |      0 |      0 |   1 |  315.0 |
               +--------+--------+--------+--------+--------+-----+--------+

Top non-repeatable levels by time:
       D: 315 daAuts
